 Dungeon Crawl Stone Soup version 0.27-a0-13-g87abb2d9eb (webtiles) character file.

Game seed: 4176547179434270937

3946 melkoren the Martial Artist (level 10, -9/69 HPs)
             Began as an Octopode Monk on Jan 2, 2021.
             Was an Elder of Okawaru.
             Killed by divine providence
             ... invoked by an orc priest
              (15 damage)
             ... on level 9 of the Dungeon.
             The game lasted 00:45:48 (10544 turns).

melkoren the Martial Artist (Octopode Monk)        Turns: 10544, Time: 00:45:49

Health: -9/69      AC:  5    Str: 19      XL:     10   Next: 21%
Magic:  8/10       EV: 27    Int: 13      God:    Okawaru [****..]
Gold:   551        SH: 14    Dex: 20 (22) Spells: 3/9 levels left

rFire    + . .     SeeInvis +     - Unarmed
rCold    x . .     Faith    .   w - +3 buckler {AC+3} {AC+3}
rNeg     . . .     Spirit   .   v - +1 hat of Eternity {Str+3}
rPois    .         Reflect  .   (no amulet)
rElec    .         Harm     .   h - +6 ring of strength
rCorr    .         Rampage  .   l - ring of fire {rF+, rC-}
Will     .....                  W - ring of wizardry {Wiz+}
Stlth    ++++++....             u - ring of Vatytud {EV+4 Dex+4}
HPRegen  0.21/turn              (no ring)
MPRegen  0.12/turn              (no ring)
                                (no ring)
                                (no ring)

@: heroism, hasted, very quick
A: almost no armour, stealthy swim, amphibious, 8 rings, constrict 8, large bone
plates 1, camouflage 1, see invisible, deterioration 1, gelatinous body 1
a: Renounce Religion, Heroism


You were on level 9 of the Dungeon.
You worshipped Okawaru.
Okawaru was greatly pleased with you.
You visited 2 branches of the dungeon, and saw 10 of its levels.

You collected 551 gold pieces.

Inventory:

Hand Weapons
 a - a +2 short sword of venom
 g - a +5 quarterstaff of chaos
Missiles
 d - 34 poisoned darts
 p - a throwing net {=f}
 Q - 262 stones (quivered)
Armour
 v - the +1 hat of Eternity (worn) {Str+3}
   (You acquired it on level 9 of the Dungeon)

   It affects your strength (+3).
 w - a +3 buckler of protection (worn) {AC+3}
Jewellery
 h - a +6 ring of strength (left tentacle)
 l - a ring of fire (right tentacle) {rF+, rC-}
 u - the ring of Vatytud (on tentacle) {EV+4 Dex+4}
   (You acquired it on level 9 of the Dungeon)

   [ring of evasion]

   It affects your evasion (+4).
   It affects your dexterity (+4).
 W - a ring of wizardry (on tentacle) {Wiz+}
Wands
 k - a wand of flame (15)
 q - a wand of acid (7)
Scrolls
 b - 10 scrolls of remove curse
 e - a scroll of fear
 f - a scroll of fog
 i - 3 scrolls of identify
 j - a scroll of enchant armour
 s - a scroll of amnesia
 t - a scroll of teleportation
 B - a scroll of blinking {!r}
Potions
 c - 3 potions of brilliance
 m - 2 potions of flight
 n - 2 potions of curing
 o - a potion of cancellation {unknown}
 r - 2 potions of lignification {unknown}


   Skills:
 + Level 6.9(11.9) Fighting
 + Level 6.9(11.9) Dodging
 - Level 5.5(10.5) Stealth
 - Level 4.7(9.7) Shields
 * Level 9.3(14.3) Unarmed Combat
 - Level 4.0 Hexes


You had 3 spell levels left.
You knew the following spells:

 Your Spells              Type           Power        Failure   Level
a - Ensorcelled Hibernat  Hex/Ice        10%          9%          2
b - Confusing Touch       Hex            10%          8%          3
v - Corona                Hex            11%          2%          1

Your spell library contained the following spells:

 Spells                   Type           Power        Failure   Level
 Slow                     Hex            10%          3%          2
 Tukima's Dance           Hex            10%          8%          3
 Animate Skeleton         Necr           0%           12%         1
 Apportation              Tloc           0%           12%         1
 Foxfire                  Conj/Fire      0%           12%         1
 Magic Dart               Conj           0%           12%         1
 Summon Small Mammal      Summ           0%           12%         1
 Dazzling Flash           Conj/Hex       10%          16%         3
 Inner Flame              Hex/Fire       7%           16%         3
 Blink                    Tloc           N/A          19%         2
 Call Imp                 Summ           0%           19%         2
 Conjure Flame            Conj/Fire      0%           34%         3
 Mephitic Cloud           Conj/Pois/Air  0%           34%         3
 Sticky Flame             Conj/Fire      0%           73%         4
 Fireball                 Conj/Fire      0%           96%         5


Dungeon Overview and Level Annotations

Branches:
Dungeon (9/15)             Temple (1/1) D:5
   Lair: D:8-11         Orc: D:9-12

Altars:
Ashenzari
Cheibriados
Dithmenos
Elyvilon
Fedhas
Gozag
Hepliaklqana
Kikubaaqudgha
Makhleb
Nemelex Xobeh
Okawaru
Qazlal
Ru
Sif Muna
Trog
Uskayaw
Vehumet
Wu Jian
Xom
Yredelemnul
Zin
The Shining One

Shops:
D:6 !

Annotations:
D:3 Jessica
D:5 Grinder, Menkaure
D:9 exclusion: hydra


Innate Abilities, Weirdness & Mutations

You cannot wear most types of armour.
You are very stealthy in the water. (Stealth+)
You are amphibious.
You can wear up to eight rings at the same time.
You can use your tentacles to constrict eight enemies at once.
Your skin changes colour to match your surroundings (Stealth+).
Your rubbery body absorbs attacks. (AC +1, EV +1)
You are partially covered in large bone plates. (SH +4)
You have supernaturally acute eyesight. (SInv)
Your body sometimes deteriorates upon taking damage.


Message History

Items here: )))) [[[[[ †††.
You tentacle-slap the orc but do no damage.
You grab the orc. You constrict the orc. You block the orc's attack.
You tentacle-slap the orc. You squeeze the orc.
You kill the orc!
The orc priest calls down the wrath of Beogh upon you.
Beogh smites you!
* * * LOW HITPOINT WARNING * * *
An orc priest comes into view.
It is wielding a +0 flail and wearing a +0 ring mail of cold resistance.
The orc priest shouts!
You take 11 damage, and have 19/69 hp.
You feel yourself speed up.
The orc priest calls down the wrath of Beogh upon you.
Beogh smites you!
* * * LOW HITPOINT WARNING * * *
Your body deteriorates!
You feel clumsy.
The orc priest invokes the aid of Beogh against you.
Beogh smites you!
You die...

###.# ####.#.....#
#... #.#
#....##.##.#######
#.#
#.#####.......).
#.# #.# ####.#####
#.# #.# # #.# #.#
#.# #.# #.# #)#
#.# #@# #.# #(#
#.# .o. #.# ##.##
#.# #.# #.# o.#
#.# ... #.# ### .#
#.# .#


You could see 2 orc priests.

Levels and vault maps discovered:
D:1:      dpeg_arrival_tiny_a, layout_loops_ring, doesnt_xom_only_xom
D:2:      layout_basic, minmay_pentomino_u2
D:3:      layout_rooms, gup_sewer_entry_glass, serial_forest,
          infiniplex_forest_end_2, infiniplex_forest_lined_corner,
          infiniplex_forest_clump_C, infiniplex_forest_straight_2,
          infiniplex_forest_fountain, chequers_big_river,
          uniq_crazy_yiuf_cottage, uniq_jessica
D:4:      layout_gridville
D:5:      layout_loops_corners, minmay_temple_entry_hall, uniq_menkaure,
          uniq_grinder
D:6:      layout_basic, serial_curves, eino_curves_03, eino_curves_01,
          eino_curves_02, serial_shops, nicolae_shop_behind_doors
D:7:      layout_cave_pools
D:8:      layout_cave_pools, tso_oasis_becter, serial_bayou_pond_e
D:9:      layout_loops_ring, serial_bayou_pond_c
Temple:   grunt_wide_crystal_templ

Notes
Turn   | Place    | Note
-------+----------+-------------------------------------------
     0 | D:1      | melkoren the Octopode Monk began the quest for the Orb.
     0 | D:1      | Reached XP level 1. HP: 16/16 MP: 1/1
    87 | D:1      | Identified a +0 short sword
   155 | D:1      | Reached XP level 2. HP: 19/21 MP: 2/2
   164 | D:1      | Reached skill level 3 in Stealth
   283 | D:1      | Identified 4 scrolls of remove curse
   284 | D:1      | Identified a scroll of teleportation
   372 | D:1      | Identified a +0 club
   389 | D:1      | Identified a +0 club
   430 | D:1      | Identified a cursed -2 club
   597 | D:1      | Found a broken altar of Ashenzari.
   600 | D:1      | Found a sacrificial altar of Ru.
   600 | D:1      | Found a shimmering altar of Xom.
   606 | D:1      | Found an iron altar of Okawaru.
   606 | D:1      | Found a shimmering blue altar of Sif Muna.
   606 | D:1      | Found a broken altar of Ashenzari.
   657 | D:1      | Identified a scroll of blinking
   698 | D:2      | Identified a scroll of identify
   736 | D:2      | Identified a +0 club
   749 | D:2      | Reached XP level 3. HP: 25/26 MP: 3/3
   802 | D:2      | Identified a +0 short sword
   843 | D:2      | Identified a potion of curing
  1241 | D:2      | Identified a +0 club
  1280 | D:2      | Identified a +2 short sword of venom
  1344 | D:2      | Reached XP level 4. HP: 30/31 MP: 4/4
  1504 | D:2      | Identified a +0 short sword
  1521 | D:2      | Identified a +0 club
  1934 | D:2      | Identified a +1 dagger of electrocution
  1950 | D:2      | Reached skill level 4 in Unarmed Combat
  1980 | D:2      | Identified a potion of haste
  1981 | D:2      | Identified a potion of invisibility
  2133 | D:3      | Identified a +0 dagger
  2159 | D:3      | Identified a +0 dagger
  2168 | D:3      | Reached XP level 5. HP: 22/36 MP: 5/5
  2172 | D:3      | HP: 8/36 [adder (3)]
  2179 | D:3      | HP: 4/36 [poisoned by an adder]
  2187 | D:3      | HP: 3/36 [poisoned by an adder]
  2590 | D:3      | Found a runed translucent door.
  2591 | D:3      | Identified a +4 quarterstaff of chaos
  2591 | D:3      | Identified a +0 cloak
  2591 | D:3      | Noticed Crazy Yiuf
  2620 | D:3      | Identified a +0 leather armour
  2649 | D:3      | Reached skill level 4 in Stealth
  2918 | D:3      | Identified a +0 club
  2918 | D:3      | Identified a +0 robe
  2918 | D:3      | Noticed Jessica
  3441 | D:3      | Killed Crazy Yiuf
  3660 | D:3      | Identified a scroll of fear
  3661 | D:3      | Identified a potion of brilliance
  3724 | D:4      | Identified a ring of strength (You found it on level 4 of
                  | the Dungeon)
  3778 | D:4      | Identified a scroll of enchant armour
  3864 | D:4      | Identified a scroll of fog
  3996 | D:4      | Identified a +0 giant spiked club
  3996 | D:4      | Noticed an ogre
  4006 | D:4      | Killed an ogre
  4007 | D:4      | Reached skill level 4 in Fighting
  4007 | D:4      | Reached skill level 4 in Dodging
  4007 | D:4      | Reached XP level 6. HP: 38/43 MP: 6/6
  4262 | D:4      | Identified a +0 giant club
  4272 | D:4      | Reached skill level 5 in Unarmed Combat
  4460 | D:4      | Identified a potion of mutation
  4460 | D:4      | Gained mutation: Your body sometimes deteriorates upon
                  | taking damage. [potion of mutation]
  4460 | D:4      | Gained mutation: You are partially covered in large bone
                  | plates. (SH +4) [potion of mutation]
  4460 | D:4      | Gained mutation: You have supernaturally acute eyesight.
                  | (SInv) [potion of mutation]
  4461 | D:4      | Identified a potion of heal wounds
  4462 | D:4      | Identified a potion of attraction
  4463 | D:4      | Identified 2 potions of flight
  4464 | D:4      | Identified a potion of might
  4607 | D:5      | Entered Level 5 of the Dungeon
  4614 | D:5      | Reached skill level 5 in Stealth
  4693 | D:5      | Reached XP level 7. HP: 37/49 MP: 7/7
  4960 | D:5      | Identified a ring of fire (You found it on level 5 of the
                  | Dungeon)
  5258 | D:5      | Found a staircase to the Ecumenical Temple.
  5264 | Temple   | Entered the Ecumenical Temple
  5377 | Temple   | Became a worshipper of Warmaster Okawaru
  5377 | Temple   | Reached * piety under Okawaru
  5377 | Temple   | Reached ** piety under Okawaru
  5449 | D:5      | HP: 12/49 [sky beast (4)]
  5451 | D:5      | Reached skill level 6 in Unarmed Combat
  5762 | D:5      | Noticed Menkaure
  5911 | D:5      | Identified a potion of degeneration
  5981 | D:5      | Noticed Grinder
  6361 | D:6      | Found Zudwaing's Distillery.
  6544 | D:6      | Reached skill level 5 in Fighting
  6544 | D:6      | Reached skill level 5 in Dodging
  6544 | D:6      | Reached XP level 8. HP: 35/55 MP: 8/8
  6679 | D:6      | Identified a scroll of amnesia
  6682 | D:6      | Learned a level 1 spell: Corona
  6685 | D:6      | Learned a level 2 spell: Ensorcelled Hibernation
  6689 | D:6      | Learned a level 3 spell: Confusing Touch
  6694 | D:6      | Identified a cursed amulet of inaccuracy (You found it on
                  | level 6 of the Dungeon)
  7170 | D:6      | Identified a scroll of random uselessness
  7255 | D:7      | Identified a ring of wizardry (You found it on level 7 of
                  | the Dungeon)
  7404 | D:7      | Identified a +0 flail
  7404 | D:7      | Identified a +0 ring mail
  7512 | D:7      | Identified a +0 war axe
  7512 | D:7      | Identified a +0 war axe
  7512 | D:7      | Identified a +0 leather armour
  7523 | D:7      | Identified a +0 club
  7525 | D:7      | Identified a +0 club
  7525 | D:7      | Identified a +0 chain mail
  7564 | D:7      | Identified a cursed -1 shortbow
  7603 | D:7      | Reached skill level 7 in Unarmed Combat
  7603 | D:7      | Reached skill level 1 in Hexes
  7758 | D:7      | Identified a +0 dagger
  7758 | D:7      | Identified a +0 robe
  7759 | D:7      | Identified a +0 mace
  7759 | D:7      | Identified a +0 leather armour
  7760 | D:7      | Identified a +1 dagger of venom
  7760 | D:7      | Identified a +0 mace
  7760 | D:7      | Identified a +0 leather armour
  7876 | D:7      | Reached *** piety under Okawaru
  8169 | D:7      | Identified a potion of resistance
  8291 | D:8      | Identified a +0 giant club
  8291 | D:8      | Identified a +0 giant spiked club
  8291 | D:8      | Noticed a two-headed ogre
  8384 | D:8      | Identified a +0 shortbow
  8393 | D:8      | Reached skill level 2 in Hexes
  8460 | D:8      | Found a glowing golden altar of the Shining One.
  8603 | D:8      | Identified a +0 ring mail of fire resistance
  8620 | D:8      | Killed a two-headed ogre
  8621 | D:8      | Reached skill level 6 in Fighting
  8621 | D:8      | Reached skill level 6 in Dodging
  8621 | D:8      | Reached skill level 8 in Unarmed Combat
  8621 | D:8      | Reached skill level 3 in Hexes
  8621 | D:8      | Reached XP level 9. HP: 63/63 MP: 6/9
  8747 | D:8      | Identified a +0 giant club
  8773 | D:8      | Identified a +0 flail
  8773 | D:8      | Identified a +0 leather armour
  8775 | D:8      | Identified a +0 short sword
  8775 | D:8      | Identified a +0 war axe
  8776 | D:8      | Identified a +0 leather armour
  8777 | D:8      | Identified a +0 trident
  9202 | D:8      | Identified a +0 hand axe
  9202 | D:8      | Identified a +0 scale mail
  9205 | D:8      | Identified a +0 trident
  9206 | D:8      | Identified a +0 dagger
  9207 | D:8      | Identified a +0 trident
  9207 | D:8      | Identified a +0 leather armour
  9212 | D:8      | Identified a +0 shortbow
  9635 | D:9      | Noticed a seven-headed hydra
  9691 | D:9      | Reached **** piety under Okawaru
  9692 | D:9      | Reached skill level 9 in Unarmed Combat
  9785 | D:9      | Identified a +0 club
  9789 | D:9      | Identified a +1 vorpal mace
  9794 | D:9      | Identified a +0 club
  9881 | D:9      | Reached skill level 4 in Hexes
 10159 | D:9      | Identified 3 scrolls of acquirement
 10159 | D:9      | Acquired the +1 hat of Eternity {Str+3}
 10166 | D:9      | Acquired a +0 buckler of protection
 10179 | D:9      | Acquired the ring of Vatytud {EV+4 Dex+4}
 10207 | D:9      | Reached skill level 2 in Shields
 10241 | D:9      | Identified a scroll of enchant weapon
 10259 | D:9      | Identified a cursed +3 dagger
 10259 | D:9      | Identified a +0 robe
 10259 | D:9      | Identified a +3 scimitar
 10259 | D:9      | Identified a +0 robe
 10259 | D:9      | Identified a +0 long sword
 10259 | D:9      | Identified a +0 robe
 10269 | D:9      | Reached skill level 3 in Shields
 10273 | D:9      | Reached XP level 10. HP: 69/69 MP: 10/10
 10367 | D:9      | Reached skill level 4 in Shields
 10507 | D:9      | Identified a +0 halberd
 10507 | D:9      | Identified a +0 chain mail
 10507 | D:9      | Identified a +0 hand axe
 10509 | D:9      | Identified a +0 short sword
 10509 | D:9      | Identified a cursed -2 scale mail
 10510 | D:9      | Identified a +0 mace
 10510 | D:9      | Identified a +0 ring mail
 10512 | D:9      | Identified a +0 ring mail
 10513 | D:9      | Identified a +0 club
 10513 | D:9      | Identified a +0 scale mail
 10513 | D:9      | Identified a +0 ring mail
 10517 | D:9      | Identified a +0 dagger
 10517 | D:9      | Identified a +0 robe
 10520 | D:9      | Identified a +0 long sword of electrocution
 10520 | D:9      | Identified a +0 plate armour
 10522 | D:9      | Identified a +0 dagger
 10543 | D:9      | Identified a +0 flail
 10543 | D:9      | Identified a +0 ring mail of cold resistance
 10544 | D:9      | HP: 6/69 [orc priest/divine providence (13)]
 10544 | D:9      | Killed from afar by an orc priest

Table legend: (Time is in decaauts)
 A = Elapsed time spent in this place.
 B = Non-inter-level travel time spent in this place.
 C = Inter-level travel time spent in this place.
 D = Time resting spent in this place.
 E = Time spent auto-exploring this place.
 F = Levels seen in this place.
 G = Mean time per level.
                   A        B        C        D        E       F      G
               +--------+--------+--------+--------+--------+-----+--------+
         Total |  10484 |  10320 |    164 |   1628 |   6575 |  10 | 1048.4 |
       Dungeon |  10353 |  10189 |    164 |   1628 |   6507 |   9 | 1150.3 |
        Temple |    130 |    130 |      0 |      0 |     68 |   1 |  130.0 |
               +--------+--------+--------+--------+--------+-----+--------+

Top non-repeatable levels by time:
     D:3: 1685 daAuts
     D:5: 1441 daAuts
     D:8: 1381 daAuts
     D:2: 1299 daAuts
     D:6: 1046 daAuts
     D:7: 991 daAuts
     D:4: 908 daAuts
     D:9: 905 daAuts
     D:1: 693 daAuts
  Temple: 130 daAuts

Table legend:
 A = Kills in this place as a percentage of kills in entire the game.
 B = Kills by you in this place as a percentage of kills by you in the entire game.
 C = Kills by friends in this place as a percentage of kills by friends in the entire game.
 D = Other kills in this place as a percentage of other kills in the entire game.
 E = Experience gained in this place as a percentage of experience gained in the entire game.
 F = Experience gained in this place divided by the number of levels of this place that you have seen.
                   A       B       C       D       E      F
               +-------+-------+-------+-------+-------+----------------------
         Total | 100.0 | 100.0 |   N/A |   N/A | 100.0 | 563.8
       Dungeon | 100.0 | 100.0 |   N/A |   N/A | 100.0 | 626.4
               +-------+-------+-------+-------+-------+----------------------

Skill      XL: |  1  2  3  4  5  6  7  8  9 10 |
---------------+-------------------------------+-----
Stealth        | 3 4 5 |  5.5
Unarmed Combat | 4 5 6 8 9 |  9.3
Fighting       | 4 5 6 |  6.9
Dodging        | 4 5 6 |  6.9
Hexes          | 3 4 |  4.0
Shields        | 3 4 |  4.7

Action                   |  1- 3 |  4- 6 |  7- 9 | 10-12 || total
-------------------------+-------+-------+-------+-------++-------
Melee: Unarmed           |    65 |    95 |   254 |    36 ||   450
       Constrict         |    19 |    26 |    48 |    11 ||   104
       Tentacles         |    12 |    21 |    58 |    17 ||   108
       Punch             |       |     1 |    18 |     8 ||    27
Throw: Stone             |    67 |    33 |    72 |    13 ||   185
Invok: Heroism           |       |       |     5 |     3 ||     8
  Use: Scroll            |     4 |     5 |    14 |       ||    23
       Potion            |     1 |     7 |     5 |     1 ||    14
 Stab: Sleeping          |     5 |     9 |     7 |       ||    21
Armor: Skin              |     4 |     1 |     6 |     1 ||    12
Dodge: Dodged            |    54 |    61 |   159 |     9 ||   283
Block: Other             |       |       |    29 |       ||    29
       Buckler           |       |       |     3 |    13 ||    16

Vanquished Creatures
  A two-headed ogre (D:8)
  A troll (D:9)
  A wyvern (D:9)
  3 ice beasts (D:9)
  2 orc warriors (D:9)
  5 sky beasts
  A phantom (D:8)
  3 ogres
  3 centaurs
  4 bullfrogs
  A scorpion (D:7)
  3 wights (D:9)
  A bullfrog zombie (D:7)
  A jelly (D:8)
  7 hounds
  5 orc priests
  Crazy Yiuf (D:3)
  4 bullfrog skeletons
  3 iguanas
  2 orc wizards
  4 worker ants
  A howler monkey zombie (D:5)
  12 adders
  A shadow imp (D:8)
  2 white imps (D:5)
  2 ufetubi
  2 oozes
  An adder skeleton (D:8)
  2 worms
  2 dart slugs
  7 leopard geckos
  25 orcs
  4 ball pythons
  4 bats
  4 giant cockroaches
  7 goblins
  2 hobgoblins
  4 jackals (D:6)
  12 kobolds
  4 quokkas
  3 frilled lizards
  A quokka skeleton (D:9)
  6 rats
164 creatures vanquished.

Vanquished Creatures (others)
  A rat (D:3)
  18 plants
19 creatures vanquished.

Grand Total: 183 creatures vanquished
